 Dungeon Crawl Stone Soup version 0.30-a0-702-gdf48620a09 (webtiles) character file.

Game seed: 10307438287916983317

1022 ASSMAN the Fighter (level 8, -7/92 HPs)
             Began as an Ogre Monk on Jan 22, 2023.
             Was a Believer of Okawaru.
             Mangled by a troll (11 damage)
             ... on level 6 of the Dungeon.
             The game lasted 00:06:24 (6556 turns).

ASSMAN the Fighter (Ogre Monk)                      Turns: 6556, Time: 00:06:24

Health: -7/92      AC:  3    Str: 18    XL:     8   Next: 22%
Magic:  7/8        EV: 10    Int: 17    God:    Okawaru [**....]
Gold:   139        SH:  0    Dex: 11    Spells: 7/7 levels left

rFire   . . .      SeeInvis +    j - +0 giant club
rCold   . . .      Faith    .    (shield currently unavailable)
rNeg    . . .      Spirit   .    b - +0 robe
rPois   .          Reflect  .    (helmet restricted)
rElec   .          Harm     .    (no cloak)
rCorr   .          Rampage  .    (gloves unavailable)
Will    .....                    (boots unavailable)
Stlth   ++                       (no amulet)
HPRegen 0.35/turn                v - ring of see invisible
MPRegen 0.11/turn                r - +6 ring of intelligence

@: no status effects
A: large, unfitting armour, tough skin 1
a: Renounce Religion, Heroism


You were on level 6 of the Dungeon.
You worshipped Okawaru.
Okawaru was pleased with you.
You visited 2 branches of the dungeon, and saw 7 of its levels.

You collected 139 gold pieces.

Inventory:

Hand Weapons
 j - a +0 giant club (weapon)
 p - the +3 sling "Glorpo" {antimagic, Dex+3}
   (You found it on level 4 of the Dungeon)

   Dex:       It affects your dexterity (+3).
 w - a +0 morningstar
Armour
 b - a +0 robe (worn)
Jewellery
 r - a +6 ring of intelligence (right hand)
 v - a ring of see invisible (left hand)
Wands
 m - a wand of paralysis (13)
Scrolls
 a - a scroll of identify
 c - 2 scrolls of immolation {unknown}
 g - a scroll of enchant armour {unknown}
 n - a scroll of fog {unknown}
 q - 4 scrolls of fear {unknown}
 s - a scroll of butterflies {unknown}
Potions
 d - 5 potions of curing
 e - 2 potions of might
 f - a potion of brilliance {unknown}
 h - 2 potions of magic
 i - a potion of cancellation {unknown}
 k - 2 potions of lignification {unknown}
 l - a potion of invisibility {unknown}
 o - a potion of heal wounds {unknown}
 t - 2 potions of flight {unknown}
 u - a potion of haste {unknown}


   Skills:
 + Level 9.5 Fighting
 + Level 6.6 Maces & Flails
 - Level 2.6 Dodging
 - Level 1.4 Stealth


You had 7 spell levels left.
You didn't know any spells.
Your spell library contained the following spells:

 Spells                   Type           Power      Damage    Failure   Level
 Shock                    Conj/Air       0%         1d3       24%         1
 Inner Flame              Hex/Fire       0%         N/A       56%         3
 Swiftness                Air            0%         N/A       56%         3
 Airstrike                Air            0%         2d(0-16)  93%         4
 Cause Fear               Hex            0%         N/A       93%         4
 Discord                  Hex            0%         N/A       100%        8


Dungeon Overview and Level Annotations

Branches:
Dungeon (6/15)             Temple (1/1) D:4

Altars:
Ashenzari
Cheibriados
Dithmenos
Fedhas
Gozag
Makhleb
Okawaru
Trog
Wu Jian
Xom
Yredelemnul
Zin
The Shining One

Shops:
D:3 [   D:4 :


Innate Abilities, Weirdness & Mutations

You are too large for most types of armour.
You have tough skin. (AC +1)


Message History

The centaur shoots an arrow.
The arrow hits you!
A troll comes into view.
The troll bites you! The troll misses you. The troll barely misses you.
You hit the troll.
The troll is almost dead.
The troll closely misses you. The troll barely misses you.
The troll misses you.
The centaur unwields a +0 shortbow.
The centaur closely misses you. The centaur barely misses you.
You closely miss the troll.
The troll is almost dead.
The troll bites you! The troll claws you. The troll completely misses you.
The centaur hits you. The centaur kicks you.
You barely miss the troll.
The troll is almost dead.
The centaur hits you but does no damage.
The centaur misses you. The troll bites you!
* * * LOW HITPOINT WARNING * * *
The troll misses you. The troll claws you!
* * * LOW HITPOINT WARNING * * *
The centaur barely misses you.
The centaur kicks you but does no damage.
You closely miss the troll.
The troll is almost dead.
The centaur hits you.
* * * LOW HITPOINT WARNING * * *
The centaur kicks you but does no damage.
The troll bites you.
* * * LOW HITPOINT WARNING * * *
The troll claws you.
* * * LOW HITPOINT WARNING * * *
The troll closely misses you.
You barely miss the troll.
The troll is almost dead.
You feel like a meek peon again. The centaur misses you. The centaur kicks you.
* * * LOW HITPOINT WARNING * * *
The troll bites you.
* * * LOW HITPOINT WARNING * * *
The troll claws you but does no damage. The troll claws you!
You die...

#.........
#........#
#####........#
#######........>...#
#...)...####.......#
#.#####....#.).....#
#.....####.#.......#
####.## #.#..[....#
#@# #....###)##
#c#T# ########.# .T#
## #.....# #.#.
#.##### # # ####.#
#....#
##########.####
........##.#
#####....#


You could see 2 trolls and a centaur.

Vanquished Creatures
  A water moccasin (D:5)
  A sky beast (D:6)
  An ice beast (D:5)
  An ogre (D:5)
  2 phantoms (D:5)
  An orc priest (D:5)
  A hound (D:4)
  4 iguanas
  2 orc wizards
  Natasha (thrice) (D:3)
  3 gnolls (D:5)
  9 adders
  2 worms (D:5)
  3 dart slugs
  11 orcs
  9 bats
  7 endoplasms
  2 giant cockroaches
  7 goblins
  5 hobgoblins
  7 jackals
  2 quokkas (D:2)
  9 ball pythons
  3 frilled lizards
  4 kobolds
  5 rats
105 creatures vanquished.

Vanquished Creatures (others)
  A fungus (D:5)
1 creature vanquished.

Grand Total: 106 creatures vanquished

Notes
Turn   | Place    | Note
-------+----------+-------------------------------------------
     0 | D:1      | ASSMAN the Ogre Monk began the quest for the Orb.
     0 | D:1      | Reached XP level 1. HP: 24/24 MP: 1/1
   216 | D:1      | Reached XP level 2. HP: 33/33 MP: 2/2
   739 | D:1      | Found a faded altar of an unknown god.
   952 | D:2      | Reached XP level 3. HP: 34/41 MP: 3/3
  1025 | D:2      | Reached skill level 5 in Fighting
  1087 | D:2      | Found a broken altar of Ashenzari.
  1344 | D:2      | Reached XP level 4. HP: 50/50 MP: 4/4
  1924 | D:3      | Noticed Natasha
  1938 | D:3      | Killed Natasha
  2085 | D:3      | Reached skill level 6 in Fighting
  2085 | D:3      | Reached XP level 5. HP: 15/59 MP: 5/5
  3128 | D:3      | Noticed Natasha
  3138 | D:3      | Killed Natasha
  3298 | D:3      | Noticed Natasha
  3307 | D:3      | Killed Natasha
  3359 | D:3      | Found Peune's Armour Boutique.
  3528 | D:4      | Found Osairud's Tremendous Tomes.
  3605 | D:4      | Reached XP level 6. HP: 40/68 MP: 6/6
  3605 | D:4      | Identified the +3 sling "Glorpo" {antimagic, Dex+3}
  3730 | D:4      | Found a staircase to the Ecumenical Temple.
  3764 | Temple   | Entered the Ecumenical Temple
  3793 | Temple   | Became a worshipper of Warmaster Okawaru
  3793 | Temple   | Reached * piety under Okawaru
  3793 | Temple   | Reached ** piety under Okawaru
  3881 | D:4      | Reached skill level 7 in Fighting
  4055 | D:4      | Found an opulent altar of Gozag.
  4055 | D:4      | Found an opulent altar of Gozag.
  4058 | D:4      | Found an opulent altar of Gozag.
  4151 | D:4      | Found an opulent altar of Gozag.
  4512 | D:5      | Entered Level 5 of the Dungeon
  4747 | D:5      | Reached skill level 5 in Maces & Flails
  5066 | D:5      | Reached XP level 7. HP: 14/79 MP: 4/7
  5271 | D:5      | Found a bloodstained altar of Trog.
  5532 | D:5      | Reached skill level 8 in Fighting
  5916 | D:5      | Reached skill level 9 in Fighting
  5958 | D:5      | Reached XP level 8. HP: 77/92 MP: 8/8
  6546 | D:6      | Noticed a troll
  6551 | D:6      | Noticed a troll
  6556 | D:6      | HP: 4/92 [troll (2)]
  6556 | D:6      | Mangled by a troll

Illustrated notes

Levels and vault maps discovered:
D:1:      ebering_trefoil_twist, layout_basic,
          shapermc_ecumenical_altar_mp_urbaneastern, minmay_hedge_maze,
          hangedman_decor_growths, minivault_27
D:2:      layout_basic, basic_altar, kennysheep_generic_room_10
D:3:      layout_basic, serial_shops, nicolae_shop_statue_plus,
          patterned_corridor, uniq_natasha
D:4:      layout_basic, nicolae_gozag_conspicuous_consumption,
          minmay_temple_entry_stoned_glass, nicolae_shop_i_like_big_books
D:5:      layout_loops_corners, marbit_many_paths, serial_aquarium,
          aquarium_bridge_straight [aquarium_subvault_bridge,
          aquarium_subvault_wall, aquarium_subvault_bridge,
          aquarium_subvault_window], aquarium_window_fake, aquarium_window_fake,
          aquarium_view_2e, aquarium_pool_2, minmay_checkerbox
D:6:      minmay_cornered_nines, layout_basic, uniq_edmund
Temple:   regret_index_temple_mists

Skill      XL: |  1  2  3  4  5  6  7 |
---------------+----------------------+-----
Maces & Flails | 3 4 5 6 |  6.6
Fighting       | 5 6 7 9 |  9.5
Dodging        | |  2.6
Stealth        | |  1.4

Action                   |  1- 3 |  4- 6 |  7- 9 || total
-------------------------+-------+-------+-------++-------
Melee: Mace              |   115 |   198 |       ||   313
       Punch             |     2 |     1 |       ||     3
       Giant club        |       |    14 |   107 ||   121
Invok: Heroism           |       |     1 |     2 ||     3
  Use: Potion            |       |     1 |     1 ||     2
       Scroll            |       |     4 |       ||     4
 Stab: Sleeping          |     2 |     4 |     2 ||     8
Armor: Robe              |    54 |    41 |    29 ||   124
Dodge: Dodged            |    64 |   112 |    70 ||   246

Table legend: (Time is in decaauts)
 A = Elapsed time spent in this place.
 B = Non-inter-level travel time spent in this place.
 C = Inter-level travel time spent in this place.
 D = Time resting spent in this place.
 E = Time spent auto-exploring this place.
 F = Levels seen in this place.
 G = Mean time per level.
                   A        B        C        D        E       F      G
               +--------+--------+--------+--------+--------+-----+--------+
         Total |   6657 |   6339 |    318 |    884 |   4476 |   7 |  951.0 |
       Dungeon |   6606 |   6309 |    297 |    884 |   4458 |   6 | 1101.0 |
        Temple |     50 |     29 |     21 |      0 |     18 |   1 |   50.0 |
               +--------+--------+--------+--------+--------+-----+--------+

Top non-repeatable levels by time:
     D:5: 1931 daAuts
     D:3: 1645 daAuts
     D:2: 1036 daAuts
     D:4: 968 daAuts
     D:1: 879 daAuts
     D:6: 145 daAuts
  Temple: 50 daAuts
